 Dungeon Crawl Stone Soup version 0.24.0-13-gcf9b319 (webtiles) character file.

Game seed: 9547606577819892500, levelgen mode: deterministic

60 Bronimir the Twirler (level 3, -10/27 HPs)
             Began as a Demonspawn Gladiator on Mar 5, 2020.
             Mangled by an ogre
             ... wielding a +0 giant club
              (27 damage)
             ... on level 2 of the Dungeon.
             The game lasted 00:03:00 (1620 turns).

Bronimir the Twirler (Demonspawn Gladiator)         Turns: 1620, Time: 00:03:01

Health: -10/27     AC:  4    Str: 15    XL:     3   Next: 82%
Magic:  4/4        EV: 13    Int:  9    God:
Gold:   69         SH:  2    Dex: 14    Spells: 4/4 levels left

rFire    . . .     SeeInvis .   a - +0 quarterstaff
rCold    . . .     Gourm    .   (shield currently unavailable)
rNeg     . . .     Faith    .   b - +0 leather armour
rPois    .         Spirit   .   c - +0 helmet
rElec    .         Reflect  +   (no cloak)
rCorr    .         Harm     .   (no gloves)
MR       .....                  (no boots)
Stlth    +.........             p - +2 amulet of reflection
HPRegen  0.09/turn              (no ring)
MPRegen  0.09/turn              (no ring)

@: no status effects
A: powered by death 1
a: no special abilities


You were on level 2 of the Dungeon.
You were not hungry.

You visited 1 branch of the dungeon, and saw 2 of its levels.

You collected 69 gold pieces.

Inventory:

Hand Weapons
 a - a +0 quarterstaff (weapon)
 k - a +0 whip
 m - a +4 whip
Missiles
 d - 3 throwing nets
 e - 11 boomerangs
 i - 21 sling bullets
 n - 5 javelins (quivered)
 o - 31 stones
 t - 15 bolts
Armour
 b - a +0 leather armour (worn)
 c - a +0 helmet (worn)
 v - a +2 shield
Jewellery
 p - a +2 amulet of reflection (around neck)
Scrolls
 g - a scroll of amnesia {unknown}
 q - a scroll of enchant armour {unknown}
 r - 4 scrolls of remove curse {unknown}
 w - a scroll of identify {unknown}
Potions
 h - a potion of haste {unknown}
 j - 2 potions of curing {unknown}
 l - a potion of lignification {unknown}
 s - a potion of heal wounds {unknown}
Comestibles
 f - 3 rations
 u - 2 chunks of flesh


   Skills:
 + Level 2.1 Fighting
 + Level 3.2 Staves
 + Level 2.0 Throwing
 * Level 1.0 Armour
 + Level 3.1 Dodging
 * Level 1.2 Spellcasting


You had 4 spell levels left.
You didn't know any spells.
Your spell library was empty.

Dungeon Overview and Level Annotations

Branches:
Dungeon (2/15)

Altars:
Elyvilon


Innate Abilities, Weirdness & Mutations

You regenerate a little health from kills.


Message History

A giant cockroach comes into view.
Found a scroll labeled DUORPH PUKIEROE.
Found a stone staircase leading down.
The frilled lizard hisses angrily.
The frilled lizard barely misses you.
You barely miss the frilled lizard. The frilled lizard closely misses you.
You hit the frilled lizard but do no damage.
The frilled lizard bites you but does no damage. x2
You closely miss the frilled lizard.
The frilled lizard bites you but does no damage.
You hit the frilled lizard.
You kill the frilled lizard!
Your Armour skill increases to level 1!
You hit the ogre.
The ogre is lightly wounded.
The ogre hits you with a +0 giant club!
You sock the ogre!
The ogre is moderately wounded.
The ogre hits you with a +0 giant club!!
Ouch! That really hurt!
You die...

#####..........#
#...........#
#.####.....## # #.#
##...## #####.. #.# #####
..>.... #.# ....... #.#
....... ###.##
########.......
##....#####.....@Os......
##..........######.......
......####### .......
......# ?...... ......#
####### #######


You could see an ogre and a giant cockroach.

Vanquished Creatures
  2 adders (D:2)
  2 worms (D:2)
  2 dart slugs (D:1)
  4 bats
  2 giant cockroaches
  A goblin (D:2)
  3 hobgoblins
  3 jackals (D:1)
  2 quokkas (D:2)
  4 frilled lizards
  5 kobolds (D:1)
  2 rats
32 creatures vanquished.

Notes
Turn   | Place    | Note
-------+----------+-------------------------------------------
     0 | D:1      | Bronimir the Demonspawn Gladiator began the quest for the
                  | Orb.
     0 | D:1      | Reached XP level 1. HP: 16/16 MP: 1/1
   249 | D:1      | Gained mutation: You regenerate a little health from kills.
                  | [demonic ancestry]
   249 | D:1      | Reached XP level 2. HP: 20/22 MP: 2/2
   875 | D:2      | Noticed an ogre
  1003 | D:2      | Reached XP level 3. HP: 4/27 MP: 3/3
  1398 | D:2      | Found a white marble altar of Elyvilon.
  1543 | D:2      | Reached skill level 1 in Spellcasting
  1618 | D:2      | Reached skill level 1 in Armour
  1620 | D:2      | Mangled by an ogre

Levels and vault maps discovered:
D:1:      onia_arrival_pentagram, layout_basic
D:2:      layout_rooms, elyvilon_altar_1

Skill      XL: |  1  2  3 |
---------------+----------+-----
Dodging        | 3 |  3.1
Staves         | 3 |  3.2
Throwing       | 2 |  2.0
Spellcasting   | 1 |  1.2
Armour         | 1 |  1.0
Fighting       | |  2.1

Action                   || total
-------------------------++-------
Melee: Quarterstaff      ||   100
Throw: Boomerang         ||     4
       Javelin           ||     4
 Stab: Sleeping          ||     2
  Eat: Chunk             ||     2
Armor: Leather armour    ||    30
Dodge: Dodged            ||    60
Block: Other             ||     4
